 Dungeon Crawl Stone Soup version 0.15-a0-2036-g5428f20 (webtiles) character file.

60 N00bl0rd the Skirmisher (level 4, 0/48 HPs)
             Began as an Ogre Fighter on July 13, 2014.
             Slain by a rat (1 damage)
             ... in a sewer.
             The game lasted 00:04:28 (1520 turns).

N00bl0rd the Skirmisher (Ogre Fighter)              Turns: 1520, Time: 00:04:30

HP   0/48        AC  3     Str 22      XL: 4   Next:  6%
MP   4/4         EV  8     Int  7      God:
Gold 139         SH  8     Dex  9      Spells:  0 memorised,  3 levels left

rFire  . . .     SeeInvis .     a - +0 flail
rCold  . . .     Clarity  .     b - +0 robe
rNeg   . . .     rCorr    .     c - +0 shield
rPois  .         rRot     .     (helmet restricted)
rElec  .         Spirit   .     (no cloak)
SustAb .         Warding  .     (gloves unavailable)
rMut   .         Stasis   .     (boots unavailable)
Gourm  .                        k - amulet of rage
MR     .....                    (no ring)
                                (no ring)

@: not resistant to hostile enchantments, very unstealthy
A: unfitting armour, tough skin 1
a: Evoke Berserk Rage


You were in a sewer.
You were not hungry.

You visited 1 branch of the dungeon, and saw 3 of its levels.
You also visited: Sewer.

You collected 139 gold pieces.

Inventory:

Hand weapons
 a - a +0 flail (weapon)
Armour
 b - a +0 robe (worn)
 c - a +0 shield (worn)
Magical devices
 n - a wand of random effects (12)
 r - a wand of polymorph (12)
Comestibles
 d - 2 meat rations
 i - a slice of pizza
 l - a royal jelly
 p - 2 chunks of quokka flesh
 q - a rotting chunk of adder flesh
 s - a chunk of ball python flesh
Scrolls
 h - a scroll of magic mapping {unknown}
 m - a scroll of enchant weapon {unknown}
 u - 2 scrolls of identify {unknown}
 w - a scroll of fear {unknown}
 y - a scroll of noise {unknown}
Jewellery
 k - an amulet of rage (around neck)
 o - an uncursed amulet of clarity
Potions
 e - a potion of might
 f - 3 potions of magic {unknown}
 g - a potion of restore abilities {unknown}
 j - 5 potions of curing {unknown}
 v - a potion of heal wounds {unknown}
 z - a potion of poison {unknown}


   Skills:
 + Level 4.1 Fighting
 * Level 3.6 Maces & Flails
 + Level 0.4 Armour
 * Level 3.6 Dodging
 + Level 2.9 Shields


You had 3 spell levels left.
You didn't know any spells.

Dungeon Overview and Level Annotations

Branches:
Dungeon (3/15)

Altars:


Innate Abilities, Weirdness & Mutations

You are too large for most types of armour.
You have tough skin (AC +1).


Message History

Okay, then.
Firing (i - inventory): No suitable missiles.
Press: ? - help, Shift-Dir - straight line, f - rat
Aim: a rat
Okay, then.
Use which ability? (? or * to list)
You fail to use your ability.
The rat bites you.
* * * LOW HITPOINT WARNING * * *
The green rat bites you.
* * * LOW HITPOINT WARNING * * *
The rat bites you.
* * * LOW HITPOINT WARNING * * *
You block the rat's attack.
Use which ability? (? or * to list)
You fail to use your ability.
The rat bites you but does no damage.
The green rat twitches its whiskers.
You block the green rat's attack. The rat bites you.
* * * LOW HITPOINT WARNING * * *
The rat bites you.
You die...

... #...≈≈≈
##...≈≈≈≈
#....≈≈≈≈≈
#....≈≈≈≈≈≈
....≈≈≈≈≈≈
#....≈≈≈≈≈≈
#rrr.≈≈≈≈≈≈
#@r.≈≈≈≈≈≈
####...≈≈≈≈≈≈≈
#∩###..≈≈≈≈≈≈≈
#.###..≈≈≈≈≈≈≈
#..#...≈≈≈≈≈≈≈
##.....≈≈≈≈≈≈
#.....≈≈≈≈≈≈
##....≈≈≈≈≈≈
##.....≈≈≈≈


You could see a green rat and 3 rats.

Vanquished Creatures
  2 adders (D:2)
  A giant mite (D:3)
  A worm (D:2)
  2 giant geckos (D:1)
  3 ball pythons
  4 goblins
  5 hobgoblins (D:1)
  3 quokkas
  4 bats
  2 giant cockroaches
  A kobold (D:1)
  5 rats
33 creatures vanquished.

Notes
Turn   | Place    | Note
--------------------------------------------------------------
     0 | D:1      | N00bl0rd, the Ogre Fighter, began the quest for the Orb.
     0 | D:1      | Reached XP level 1. HP: 24/24 MP: 1/1
     6 | D:1      | Noticed a polar bear
     6 | D:1      | Noticed a hound
     6 | D:1      | Noticed a redback
     6 | D:1      | Noticed a lindwurm
     6 | D:1      | Noticed a black mamba
   287 | D:1      | Reached XP level 2. HP: 17/32 MP: 2/2
   838 | D:2      | Reached XP level 3. HP: 30/39 MP: 3/3
  1460 | D:3      | Found a glowing drain.
  1471 | D:3      | Reached XP level 4. HP: 48/48 MP: 4/4
  1492 | Sewer    | Entered a sewer
  1519 | Sewer    | HP: 2/48 [rat (3)]
  1520 | Sewer    | Slain by a rat

Action                   |  1- 3 |  4- 6 || total
-------------------------+-------+-------++-------
Melee: Flail             |   123 |    16 ||   139
Evoke: Wand              |     3 |       ||     3
  Eat: Chunk             |     2 |       ||     2
